giann, lawful female dwarven Valkyrie ---------- .........| |........| |<.{.I.... |....+...| ---------- giann the Fighter Experience level: 6 Strength: 18/03 Dexterity: 9 Constitution: 20 Intelligence: 8 Wisdom: 9 Charisma: 8 Health: 0(63) Energy: 1(1) Def: 7 Gold: 985 Moves: 4129 Dungeon seed: osid3QRqq595OakZ Game ID: giann_1506268915 Your Inventory: Coins $ - 985 gold pieces Weapons a - the blessed rustproof +0 Excalibur (weapon in hand) b - a cursed +0 dagger Armor e - an uncursed +3 small shield (being worn) n - an uncursed +0 ring mail (being worn) y - an uncursed +0 pair of iron shoes (being worn) z - a cursed -2 orcish cloak (being worn) Comestibles D - an uncursed tripe ration Scrolls C - a blessed scroll of light Spellbooks p - an uncursed spellbook of levitation E - an uncursed spellbook of extra healing Potions G - an uncursed potion of levitation Rings w - an uncursed ring of levitation x - a cursed ring of invisibility (on left hand) Wands i - a wand of make invisible (0:2) F - a wand of sleep (0:0) Tools d - an uncursed oil lamp (0:1441) f - a cursed skeleton key t - an expensive camera (0:81) A - an uncursed mirror Gems q - an uncursed worthless piece of red glass r - an uncursed amethyst stone Spells and supernatural/magical abilities: Name Level Category Fail Memory W - pray for help -- divine ? -- Your skills at the end: Fighting Skills wands [Basic] Weapon Skills dagger [Basic] long sword [Basic] Spellcasting Skills Final Attributes: You were piously aligned. You were cold resistant. You were level-drain resistant. You had infravision. You were invisible. You were stealthy. You are dead. Vanquished creatures: a gnome mummy an imp a mountain nymph 6 Uruk-hai 2 shriekers a gray ooze a little dog a kitten 2 hill orcs 9 rothes a rabid rat a giant bat a wererat an iguana 3 acid blobs a coyote a large kobold a hobgoblin a giant rat a cave spider 2 yellow molds 2 red molds 4 geckos 15 jackals 2 foxes 3 kobolds a sewer rat 5 grid bugs 6 bats 6 lichens 2 newts 85 creatures vanquished. Voluntary challenges: You used a wielded weapon 112 times, starting on turn 8. You read items or engraved 9 times, starting on turn 1268. You never genocided any monsters. You never polymorphed an object. You never changed form. You used no wishes. You never split a pudding. You wrote Elbereth's name 1 time, starting on turn 1268. You never violated your personal moral code. Dungeon overview: The Dungeons of Doom: levels 1 to 8 Level 1 a sink a long staircase Level 2 a sink Level 3 an altar to Tyr, some fountains Level 4 a vault a long staircase Level 5 a vault Level 6 a general store, a vault Level 7 Level 8 <- You were here a fountain History has recorded: On T:1 you entered the Dungeons of Doom to retrieve the Amulet of Yendor! On T:464 you advanced to experience level 2. On T:624 you reached level 2 of The Dungeons of Doom. On T:1012 you advanced to experience level 3. On T:1054 you reached level 3 of The Dungeons of Doom. On T:1773 you reached level 4 of The Dungeons of Doom. On T:1879 you advanced to experience level 4. On T:2274 you reached level 5 of The Dungeons of Doom. On T:2831 you advanced to experience level 5. On T:2847 you reached level 6 of The Dungeons of Doom. On T:3476 you reached level 7 of The Dungeons of Doom. On T:3552 you advanced to experience level 6. On T:4115 you reached level 8 of The Dungeons of Doom. Score breakdown: Gold: 985 (10184 points) Experience: 6 levels (12456 points) Exploration: 8 levels ( 15.38%) (11114 points) Discoveries: 9 items ( 3.61%) ( 5703 points) Valuables value: (no points given unless you survive) Artifact value: 4000 (12253 points) Variety of kills: 31 monsters ( 8.09%) ( 8534 points) Turncount: 4129 turns (-1071 points) Survival: died (score multiplied by 80%) Total score: 47338 Latest messages: You miss the lynx. The lynx hits! (2x) The lynx bites! You hit the lynx! The lynx hits! The lynx misses. The lynx bites! You miss the lynx. The lynx misses. The lynx hits! The lynx bites! The lynx hits! (2x) The lynx misses. You hit the lynx! The lynx hits! The lynx misses. (2x) The lynx suddenly disappears! It hits! It misses. (2x) You feel an absence of magical power. It hits! (2x) It bites! You die... Final status: Farvel giann the Valkyrie, killed by an invisible lynx... You died in The Dungeons of Doom on dungeon level 8 with 47338 points, and 985 pieces of gold, after 4129 moves. You were level 6 with a maximum of 63 hit points when you died.